 Dungeon Crawl Stone Soup version 0.25-a0-424-g80bd347ae0 (webtiles) character file.

Game seed: 2369460999847221248, levelgen mode: deterministic

18962 kae the Fighter (level 12, -10/117 HPs)
             Began as a Purple Draconian Air Elementalist on Jan 23, 2020.
             Was an Elder of Vehumet.
             Mangled by a wolf spider (15 damage)
             ... on level 2 of the Lair of Beasts.
             The game lasted 00:20:02 (18221 turns).

kae the Fighter (DrAE)                             Turns: 18221, Time: 00:20:03

Health: -10/117    AC: 10    Str: 15    XL:     12   Next: 32%
Magic:  1/23       EV: 17    Int: 22    God:    Vehumet [****..]
Gold:   742        SH:  0    Dex: 17    Spells: 15/30 levels left

rFire    x . .     SeeInvis .   e - +2 short sword (drain)
rCold    + . .     Gourm    .   (no shield)
rNeg     . . .     Faith    .   (armour unavailable)
rPois    +         Spirit   .   (helmet restricted)
rElec    .         Reflect  .   y - +1 cloak {MR+}
rCorr    .         Harm     .   (no gloves)
MR       ++...                  (no boots)
Stlth    ++........             D - amulet of regeneration
HPRegen  0.69/turn              (no ring)
MPRegen  0.18/turn              t - ring "Horiz" {Ice rPois Str+4 Dex+5}

@: lethally poisoned (-10 -> -27)
A: breathe power, unfitting armour, horns 1, talons 1, clever 1, low mp 1,
cold-blooded, AC +8
a: Breathe Dispelling Energy, Renounce Religion


You were on level 2 of the Lair of Beasts.
You worshipped Vehumet.
Vehumet was greatly pleased with you.
You were very hungry.

You visited 3 branches of the dungeon, and saw 13 of its levels.
You also visited: Ossuary.

You collected 742 gold pieces.

Inventory:

Hand Weapons
 e - a +2 short sword of draining (weapon)
Armour
 y - a +1 cloak of magic resistance (worn)
 K - a scarf of resistance
Jewellery
 f - a +3 ring of evasion
 j - an uncursed ring of flight
 k - an uncursed ring of protection from cold
 t - the ring "Horiz" (right hand) {Ice rPois Str+4 Dex+5}
   (You found it on level 5 of the Dungeon)

   [ring of ice]

   It enhances your ice magic.
   It affects your strength (+4).
   It affects your dexterity (+5).
   It makes you vulnerable to fire.
   It protects you from cold.
   It protects you from poison.
 A - the ring of Luth {-Tele +Fly rElec rC+++ Stlth+}
   (You acquired it on level 10 of the Dungeon)

   [ring of stealth]

   It renders you almost immune to cold.
   It insulates you from electricity.
   It lets you fly.
   It prevents most forms of teleportation.
   It makes you more stealthy.
 C - a cursed ring of see invisible
 D - an amulet of regeneration (around neck)
 I - a +3 ring of intelligence
Wands
 l - a wand of iceblast (7)
 r - a wand of random effects (42)
 x - a wand of flame (5)
 E - a wand of polymorph (10)
 F - a wand of digging (7)
Scrolls
 a - 4 scrolls of fear
 d - 6 scrolls of enchant armour
 g - 4 scrolls of remove curse
 h - 7 scrolls of teleportation
 i - 2 scrolls of amnesia
 m - 11 scrolls of identify
 n - 4 scrolls of blinking
 o - 2 scrolls of random uselessness
 q - a scroll of fog
 u - 2 scrolls of immolation
Potions
 c - a potion of mutation
 p - a potion of haste
 s - 2 potions of resistance
 w - a potion of berserk rage
 z - a potion of lignification
 G - a potion of might
 H - a potion of flight
 J - a potion of brilliance
Miscellaneous
 B - a sack of spiders
Comestibles
 b - 12 rations


   Skills:
 - Level 14.0 Fighting
 - Level 7.0 Dodging
 - Level 2.6 Stealth
 + Level 9.6 Spellcasting
 - Level 2.2 Conjurations
 - Level 11.0 Air Magic


You had 15 spell levels left.
You knew the following spells:

 Your Spells              Type           Power        Failure   Level  Hunger
a - Shock                 Conj/Air       ####         1%          1    None
b - Static Discharge      Conj/Air       #####...     1%          3    None
c - Swiftness             Chrm/Air       ####....     1%          2    None
d - Airstrike             Air            ######....   1%          4    ##.....
e - Lightning Bolt        Conj/Air       #####.....   3%          5    ####...

Your spell library contained the following spells:

 Spells                   Type           Power        Failure   Level  Hunger
 Inner Flame              Hex/Fire       ##......     5%          3    None


Dungeon Overview and Level Annotations

Branches:
Dungeon (10/15)            Temple (1/1) D:6            Lair (2/6) D:9
  Swamp (0/4) Lair:2       Spider (0/4) Lair:2      Ossuary (visited)
    Orc: D:9-12

Altars:
Ashenzari
Cheibriados
Dithmenos
Elyvilon
Fedhas
Gozag
Hepliaklqana
Kikubaaqudgha
Makhleb
Nemelex Xobeh
Okawaru
Qazlal
Ru
Sif Muna
Trog
Uskayaw
Vehumet
Wu Jian
Xom
Yredelemnul
Zin
The Shining One

Shops:
D:8 ?   D:9 }


Innate Abilities, Weirdness & Mutations

You can breathe bolts of dispelling energy.
Your rich purple scales are hard. (AC +8)
You cannot fit into any form of body armour.
You are cold-blooded and may be slowed by cold attacks.
You have a pair of small horns on your head.
You have sharp toenails.
Your mind is acute. (Int +2)
Your magical capacity is low. (-10% MP)


Message History

The wolf spider is moderately wounded.
* * * LOW HITPOINT WARNING * * *
You feel very sick. The wolf spider misses you.
The wolf spider bites you but does no damage.
The wolf spider hits you.
* * * LOW HITPOINT WARNING * * *
The wolf spider misses you.
You cannot blink because you are wearing the ring of Luth {-Tele +Fly rElec rC+++ Stlth+}.
Unknown command.
Unknown command.
Take off which item? (? for menu, Esc to quit)
Okay, then.
Remove which piece of jewellery? (? for menu, Esc to quit)
You remove the ring of Luth {-Tele +Fly rElec rC+++ Stlth+}.
* * * LOW HITPOINT WARNING * * *
You feel sick.
The wolf spider hits you but does no damage.
The wolf spider bites you!
You die...

#).!...## #.......P.#.##.....P###
.#......###......................
###..............................
##..>...##.....................
##......#.....................
#.........................รท..
#P#........s.s.s.............
####......#s##P#..#.......##.
#.....>.#@###...........##
###......###^............#
##...###..............##
##.##.^s.^##.........##
###...s^###..........#
....s##.............
s.^^^#..............
>..###..............
................


You could see a wolf spider and a jumping spider.

Vanquished Creatures
  Harold (D:8)
  A hydra (Lair:1)
  Erica (D:10)
  2 two-headed ogres (D:10)
  3 death yaks (D:9)
  Pikel (D:8)
  A wolf spider (Lair:2)
  A black mamba (Lair:1)
  2 spiny frogs
  A komodo dragon (Lair:1)
  A rime drake (Lair:2)
  A polar bear (Lair:2)
  A hornet (D:9)
  4 blink frogs (Lair:2)
  Grinder (D:6)
  A slime creature (D:7)
  4 hippogriffs
  20 yaks
  A wraith (Ossuary)
  4 vampire mosquitoes (Lair:2)
  3 hungry ghosts
  A steam dragon (D:10)
  Grum (D:8)
  4 water moccasins
  Duvessa (D:6)
  3 orc warriors
  A porcupine (Lair:1)
  A slave (D:8)
  3 phantoms
  2 ice beasts
  2 sky beasts
  2 necrophages
  An eye of draining (D:10)
  4 wolves (D:8)
  5 ogres
  3 centaurs
  5 crocodiles
  A big kobold (D:10)
  A bullfrog (D:5)
  Dowan (D:6)
  5 howler monkeys
  4 crimson imps
  3 jellies
  Crazy Yiuf (D:7)
  2 hounds
  A centaur skeleton (D:7)
  9 orc priests
  A bullfrog skeleton (D:5)
  A gnoll shaman (D:7)
  Jessica (D:2)
  7 worker ants
  2 iguanas
  11 orc wizards
  A hound zombie (D:5)
  A mummy (Ossuary)
  9 gnolls
  A howler monkey skeleton (D:6)
  10 adders
  2 shadow imps
  An adder skeleton (D:7)
  3 worms
  4 leopard geckos
  33 orcs
  8 bats
  9 giant cockroaches
  9 goblins
  9 hobgoblins
  5 jackals
  4 quokkas
  9 frilled lizards
  3 gnoll skeletons (Ossuary)
  12 kobolds
  6 kobold skeletons (Ossuary)
  A leopard gecko skeleton (D:7)
  A leopard gecko zombie (D:8)
  16 orc skeletons (Ossuary)
  6 rats
308 creatures vanquished.

Notes
Turn   | Place    | Note
-------+----------+-------------------------------------------
     0 | D:1      | kae the Draconian Air Elementalist began the quest for the
                  | Orb.
     0 | D:1      | Reached XP level 1. HP: 14/14 MP: 3/3
   446 | D:1      | Reached XP level 2. HP: 20/20 MP: 3/5
   995 | D:2      | Reached XP level 3. HP: 23/26 MP: 3/6
  1494 | D:2      | Noticed Jessica
  1501 | D:2      | Killed Jessica
  1501 | D:2      | Reached XP level 4. HP: 32/33 MP: 1/7
  1895 | D:3      | Learned a level 2 spell: Swiftness
  1899 | D:3      | Learned a level 3 spell: Static Discharge
  3165 | D:4      | Noticed an ogre
  3173 | D:4      | Killed an ogre
  3173 | D:4      | Reached XP level 5. HP: 33/38 MP: 2/9
  3374 | D:4      | Reached XP level 6. HP: 27/45 MP: 6/11
  3538 | D:4      | Gained mutation: You have sharp toenails. [potion of
                  | mutation]
  3538 | D:4      | Gained mutation: You have a pair of small horns on your
                  | head. [potion of mutation]
  3538 | D:4      | Gained mutation: Your magical capacity is low. (-10% MP)
                  | [potion of mutation]
  3538 | D:4      | Gained mutation: Your mind is acute. (Int +2) [potion of
                  | mutation]
  3558 | D:4      | Reached skill level 5 in Air Magic
  4029 | D:4      | Your scales start taking on a rich purple colour.
  4029 | D:4      | Reached XP level 7. HP: 50/50 MP: 6/12
  4118 | D:4      | Reached skill level 5 in Spellcasting
  4555 | D:5      | Entered Level 5 of the Dungeon
  4735 | D:5      | Found a hide-covered altar of Uskayaw.
  5050 | D:5      | Reached XP level 8. HP: 57/57 MP: 5/15
  5084 | D:5      | Got a scorched copper ring
  5745 | D:6      | Identified the ring "Horiz" {Ice rPois Str+4 Dex+5} (You
                  | found it on level 5 of the Dungeon)
  5961 | D:6      | Found an ornate altar of the Wu Jian Council.
  6066 | D:6      | Noticed Duvessa
  6066 | D:6      | Noticed Dowan
  6078 | D:6      | Killed Duvessa
  6085 | D:6      | Killed Dowan
  6285 | D:6      | Learned a level 4 spell: Airstrike
  6305 | D:6      | Noticed Grinder
  6311 | D:6      | Killed Grinder
  6680 | D:6      | Found a staircase to the Ecumenical Temple.
  6702 | Temple   | Entered the Ecumenical Temple
  6860 | Temple   | Became a worshipper of Vehumet
  7141 | D:6      | Reached XP level 9. HP: 62/62 MP: 1/18
  7599 | D:7      | Reached skill level 10 in Air Magic
  7606 | D:7      | Reached skill level 1 in Fighting
  7609 | D:7      | Reached skill level 2 in Fighting
  7704 | D:7      | Found a sand-covered staircase.
  7725 | D:7      | Reached skill level 4 in Fighting
  7851 | D:7      | Reached skill level 5 in Fighting
  7865 | Ossuary  | Entered an ossuary
  8087 | Ossuary  | Reached * piety under Vehumet
  8087 | Ossuary  | Offered knowledge of Sandblast by Vehumet.
  8407 | D:7      | Reached skill level 6 in Fighting
  8417 | D:7      | Offered knowledge of Foxfire by Vehumet.
  8420 | D:7      | Reached ** piety under Vehumet
  9012 | D:7      | Found a runed translucent door.
  9013 | D:7      | Noticed Crazy Yiuf
  9018 | D:7      | Killed Crazy Yiuf
  9018 | D:7      | Reached skill level 7 in Fighting
  9466 | D:8      | Reached skill level 8 in Fighting
  9466 | D:8      | Reached XP level 10. HP: 88/88 MP: 13/19
  9656 | D:8      | Noticed Pikel
  9670 | D:8      | Killed Pikel
  9765 | D:8      | Offered knowledge of Searing Ray by Vehumet.
  9993 | D:8      | Noticed Grum
 10014 | D:8      | Killed Grum
 10014 | D:8      | Reached skill level 5 in Dodging
 10411 | D:8      | Found Hicwebout's Magic Scroll Shoppe.
 10414 | D:8      | Noticed Harold
 10441 | D:8      | Killed Harold
 10441 | D:8      | Reached *** piety under Vehumet
 10441 | D:8      | Reached skill level 9 in Fighting
 10928 | D:9      | Noticed a death yak
 11244 | D:9      | Noticed a death yak
 11244 | D:9      | Noticed a death yak
 11311 | D:9      | Reached skill level 10 in Fighting
 11493 | D:9      | Found Monuxam's Gadget Boutique.
 11517 | D:9      | Found a staircase to the Lair.
 11881 | D:9      | Killed a death yak
 11881 | D:9      | Reached skill level 11 in Fighting
 12335 | D:10     | Entered Level 10 of the Dungeon
 12530 | D:10     | Noticed a two-headed ogre
 12660 | D:10     | Noticed Erica
 12670 | D:10     | Killed Erica
 12670 | D:10     | Reached XP level 11. HP: 81/103 MP: 2/20
 13248 | D:10     | Killed a two-headed ogre
 13248 | D:10     | Offered knowledge of Ignite Poison by Vehumet.
 13248 | D:10     | Reached skill level 12 in Fighting
 13508 | D:10     | Noticed a two-headed ogre
 13513 | D:10     | Killed a two-headed ogre
 13639 | D:10     | Reached skill level 13 in Fighting
 14247 | D:9      | Found a staircase to the Lair.
 14284 | D:9      | Found Monuxam's Gadget Boutique.
 14335 | D:9      | Killed a death yak
 15156 | D:9      | Killed a death yak
 15404 | D:10     | Identified a scroll of acquirement
 15404 | D:10     | Identified the Guide on Floating Malediction (You acquired
                  | it on level 10 of the Dungeon)
 15404 | D:10     | Identified the ring of Luth {-Tele +Fly rElec rC+++ Stlth+}
                  | (You acquired it on level 10 of the Dungeon)
 15433 | Lair:1   | Entered Level 1 of the Lair of Beasts
 15439 | Lair:1   | Reached skill level 14 in Fighting
 15814 | Lair:1   | Learned a level 5 spell: Lightning Bolt
 16048 | Lair:1   | Noticed a five-headed hydra
 16057 | Lair:1   | Killed a five-headed hydra
 16198 | Lair:1   | Reached **** piety under Vehumet
 16886 | Lair:2   | Reached XP level 12. HP: 117/117 MP: 6/21
 17430 | Lair:2   | Found a staircase to the Swamp.
 17661 | Lair:2   | Offered knowledge of Inner Flame by Vehumet.
 18196 | Lair:2   | Found a hole to the Spider Nest.
 18218 | Lair:2   | HP: 3/117 [wolf spider (6)]
 18221 | Lair:2   | Mangled by a wolf spider

Levels and vault maps discovered:
D:1:      scummos_arrival_forest, layout_basic, minmay_misc_feat_rows
D:2:      layout_basic, first_ration, minmay_misc_feat_ornament, uniq_jessica
D:3:      layout_basic
D:4:      layout_basic
D:5:      layout_basic, nicolae_overflow_crystal_walls
D:6:      layout_basic, lemuel_doored_altar, minmay_temple_entry_slanted,
          chequers_arboretum, uniq_grinder, uniq_duvessa
D:7:      layout_rooms, nicolae_ossuary_entry_false_entrances,
          grunt_ministairs_1, uniq_crazy_yiuf_cottage
D:8:      layout_basic, serial_shops, shop, uniq_pikel, uniq_grum, uniq_harold
D:9:      layout_roguey, dpeg_lair_monsters, serial_shops, shop
D:10:     layout_grid_maze, uniq_erica
Temple:   regret_index_temple_chain_breaker
Lair:1:   layout_hall_layers
Lair:2:   layout_hall_layers, minmay_swamp_entry_swarm,
          spider_nest_entry_funnel_web

Skill      XL: |  1  2  3  4  5  6  7  8  9 10 11 12 |
---------------+-------------------------------------+-----
Stealth        | 2 |  2.6
Dodging        | 2 5 6 7 |  7.0
Conjurations   | 2 |  2.2
Spellcasting   | 3 4 6 7 8 9 |  9.6
Air Magic      | 4 5 7 9 10 11 | 11.0
Fighting       | 8 11 14 | 14.0

Action                   |  1- 3 |  4- 6 |  7- 9 | 10-12 || total
-------------------------+-------+-------+-------+-------++-------
Melee: Unarmed           |    16 |       |       |       ||    16
       Tailslap          |     8 |     8 |    20 |    18 ||    54
       Short sword       |    35 |    99 |   165 |   149 ||   448
       Kick              |       |     5 |    63 |    63 ||   131
       Headbutt          |       |     4 |    17 |    28 ||    49
 Cast: Shock             |    47 |    98 |   119 |   209 ||   473
       Static Discharge  |       |       |    35 |    59 ||    94
       Airstrike         |       |       |    34 |   121 ||   155
       Swiftness         |       |       |     1 |     2 ||     3
 Abil: Breathe Dispellin |       |       |     8 |     6 ||    14
Evoke: Wand              |       |       |     1 |       ||     1
       Sack of spiders   |       |       |       |     2 ||     2
  Use: Potion            |       |     6 |     5 |     1 ||    12
       Scroll            |       |       |    13 |    10 ||    23
 Stab: Distracted        |     1 |       |       |       ||     1
       Sleeping          |       |       |     1 |     1 ||     2
  Eat: Chunk             |     3 |     8 |    11 |    21 ||    43
       Ration            |       |       |     3 |     5 ||     8
Armor: Skin              |    24 |    49 |    74 |    77 ||   224
Dodge: Dodged            |    43 |    59 |   186 |   281 ||   569

Table legend:
 A = Non-vault XP
 B = Vault XP
 C = Vault XP percentage of total XP
 D = Non-vault monster count
 E = Vault monster count
 F = Vault count percentage of total count
                 A         B        C        D         E       F
            +---------+---------+-------+---------+---------+-------
      Total |   18091 |    8998 |  33.2 |     252 |      55 |  17.9
            +---------+---------+-------+---------+---------+-------
        D:1 |      34 |       0 |   0.0 |      22 |       0 |   0.0
        D:2 |      34 |      37 |  52.1 |      17 |       1 |   5.6
        D:3 |      73 |       0 |   0.0 |      28 |       0 |   0.0
        D:4 |     759 |       0 |   0.0 |      27 |       0 |   0.0
        D:5 |     913 |       0 |   0.0 |      14 |       0 |   0.0
        D:6 |     488 |     505 |  50.9 |      14 |       3 |  17.6
        D:7 |    2022 |      50 |   2.4 |      34 |       3 |   8.1
        D:8 |     888 |    2327 |  72.4 |      22 |       7 |  24.1
        D:9 |     341 |    3597 |  91.3 |       5 |       8 |  61.5
       D:10 |    4481 |     950 |  17.5 |      37 |       1 |   2.6
     Lair:1 |    3348 |       0 |   0.0 |      11 |       0 |   0.0
     Lair:2 |    4710 |    1287 |  21.5 |      21 |       5 |  19.2
    Ossuary |       0 |     245 | 100.0 |       0 |      27 | 100.0
            +---------+---------+-------+---------+---------+-------
